 Dungeon Crawl Stone Soup version 0.31-a0-360-gb3e1d13bf4 (webtiles) character file.

Game seed: 2872809430932474334

20538 Newt the Mimic (level 12, -1/104 HPs)
             Began as a Red Draconian Shapeshifter on July 26, 2023.
             Was a High Priest of Okawaru.
             Slain by a naga
             ... wielding a +0 long sword
              (4 damage)
             ... while petrified by a basilisk
             ... on level 2 of the Lair of Beasts.
             The game lasted 00:21:29 (13890 turns).

Newt the Mimic (Red Draconian Shapeshifter)        Turns: 13890, Time: 00:21:30

Health: -1/104     AC:  8    Str: 31    XL:     12   Next: 46%
Magic:  18/18      EV: -1    Int: 13    God:    Okawaru [*****.]
Gold:   318        SH:  0    Dex: 12    Spells: 11/11 levels left

rFire   + . .        t - +9 spear (venom)
rCold   . . .        u - +0 buckler
rNeg    + + +        (body armour unavailable)
rPois   ∞            (helmet currently unavailable)
rElec   .            (cloak currently unavailable)
rCorr   .            (gloves currently unavailable)
SInv    .            (boots currently unavailable)
Will    .....        U - amulet of the acrobat
Stlth   +            j - +6 ring of strength
HPRegen 0.37/turn    P - ring "Jimin" {Str+6 Int+5 Dex-4 Slay+5}
MPRegen 0.16/turn

%: acrobat
@: lethally poisoned (-1 -> -1), beast-form, petrified, constricted
A: beast (slay +7), breathe fire, AC +8, unfitting armour, fire resistance 1,
cold-blooded, evolution 1
a: Breathe Fire, Begin Untransformation, Renounce Religion, Heroism, Finesse,
Duel


You were on level 2 of the Lair of Beasts.
You worshipped Okawaru.
Okawaru was extremely pleased with you.
You were a hulking beast.
You visited 3 branches of the dungeon, and saw 14 of its levels.
You also visited: Bailey and Volcano.

You collected 1374 gold pieces.
You spent 1056 gold pieces at shops.

Inventory:

Hand Weapons
 c - a +7 quick blade of holy wrath
 e - a +1 dagger of freezing
 k - a +1 dagger of flaming
 o - a +0 dagger of electrocution
 t - a +9 spear of venom (weapon)
Missiles
 h - a throwing net
 v - 22 poisoned darts
Armour
 u - a +0 buckler (worn)
 z - a scarf of invisibility
 L - a +0 hat
Jewellery
 a - a ring of poison resistance
 j - a +6 ring of strength (left hand)
 w - a ring of positive energy
 A - a ring of protection from fire
 E - a +6 ring of dexterity
 P - the ring "Jimin" (right hand) {Str+6 Int+5 Dex-4 Slay+5}
   (You bought it in a shop on level 4 of the Dungeon)

   [ring of strength]

   Str:       It affects your strength (+6).
   Int:       It affects your intelligence (+5).
   Dex:       It affects your dexterity (-4).
   Slay:      It affects your accuracy & damage with ranged weapons and melee
   (+5).
 S - a ring of protection from cold
 U - an amulet of the acrobat (around neck)
Talismans
 J - a beast talisman
Wands
 b - a wand of flame (7)
 g - a wand of quicksilver (13)
 i - a wand of paralysis (28)
 r - a wand of digging (12)
 y - a wand of polymorph (5)
Scrolls
 d - a scroll of amnesia
 n - a scroll of poison
 s - 8 scrolls of teleportation
 C - a scroll of brand weapon
 D - 2 scrolls of fog
 I - 4 scrolls of enchant armour
 K - a scroll of revelation
 M - a scroll of fear
 T - a scroll of enchant weapon
Potions
 f - 3 potions of mutation
 l - 2 potions of brilliance
 m - 2 potions of degeneration
 p - a potion of invisibility
 q - a potion of enlightenment
 x - a potion of ambrosia
 B - 2 potions of magic
 F - 4 potions of haste
 G - 2 potions of cancellation
 H - 4 potions of might
 N - a potion of lignification
 O - a potion of berserk rage
 Q - 2 potions of heal wounds
 R - a potion of resistance


   Skills:
 - Level 9.0 Fighting
 - Level 3.0 Short Blades
 - Level 6.0 Polearms
 - Level 6.0 Dodging
 - Level 5.0 Shields
 - Level 3.0 Unarmed Combat
 - Level 9.0 Invocations
 - Level 6.0 Evocations
 + Level 11.1 Shapeshifting


You had 11 spell levels left.
You didn't know any spells.
Your spell library contained the following spells:

 Spells                   Type           Power      Damage    Failure   Level
 Apportation              Tloc           0%         N/A       34%         1
 Magic Dart               Conj           0%         1d3       34%         1
 Necrotise                Necr           0%         1d4       34%         1
 Sandblast                Erth           0%         2d4       34%         1
 Passwall                 Tmut/Erth      0%         N/A       47%         2
 Hailstorm                Conj/Ice       0%         3d3       71%         3
 Mephitic Cloud           Conj/Pois/Air  0%         N/A       71%         3
 Ozocubu's Armour         Ice            0%         N/A       71%         3
 Stone Arrow              Conj/Erth      0%         3d7       71%         3
 Volatile Blastmotes      Fire/Tloc      0%         2d10      71%         3
 Fulminant Prism          Conj/Hex       0%         3d5       98%         4
 Iskenderun's Mystic Bla  Conj/Tloc      0%         2d3       98%         4
 Alistair's Intoxication  Tmut/Pois      0%         N/A       100%        5
 Ozocubu's Refrigeration  Ice            0%         4d7       100%        7
 Summon Small Mammal      Summ           Unusable   N/A       N/A         1
 Call Imp                 Summ           Unusable   N/A       N/A         2
 Summon Ice Beast         Ice/Summ       Unusable   N/A       N/A         4
 Simulacrum               Ice/Necr       Unusable   N/A       N/A         6

Dungeon Overview and Level Annotations

Branches:
Dungeon (11/15)            Temple (1/1) D:7            Lair (2/5) D:11
  Snake (0/4) Lair:2          Orc (0/2) D:11         Bailey (visited)
Volcano (visited)
  Swamp: Lair:2-3    Shoals: Lair:2-3

Altars:
Ashenzari
Cheibriados
Dithmenos
Elyvilon
Fedhas
Gozag
Hepliaklqana
Kikubaaqudgha
Makhleb
Nemelex Xobeh
Okawaru
Qazlal
Ru
Sif Muna
Trog
Uskayaw
Vehumet
Wu Jian
Xom
Yredelemnul
Zin
The Shining One

Shops:
D:4 =   D:6 :?   D:9 *   D:11 [


Innate Abilities, Weirdness & Mutations

You are a hulking beast.
Your limbs bulge with bestial killing power. (Slay +7)
You are immune to poison.
You can breathe blasts of fire.
Your fiery red scales are hard. (AC +8)
You cannot fit into any form of body armour.
Your flesh is heat resistant. (rF+)
You are cold-blooded and may be slowed by cold attacks.
You have hidden genetic potential.


Message History

Unknown command.
You feel very sick. The naga spits poison at you.
The splash of poison hits you.
You are more poisoned.
The basilisk gazes at you.
You are slowing down.
Unknown command.
You feel very sick. The basilisk gazes at you. You resist with some effort.
Your limbs are stiffening.
Unknown command.
Unknown command.
You barely miss the basilisk.
Your tail-slap misses the basilisk.
You feel very sick. The basilisk closely misses you.
You have turned to stone.
The basilisk bites you!
The basilisk bites you but does no damage.
The naga hits you from afar with a +0 glaive!!
The basilisk bites you.
The naga hits you from afar with a +0 glaive!
The basilisk bites you! The basilisk bites you.
The naga hits you from afar with a +0 glaive!
The naga hits you with a +0 long sword!!
* * * LOW HITPOINT WARNING * * *
The naga grabs you. The naga constricts you.
* * * LOW HITPOINT WARNING * * *
The basilisk bites you.
* * * LOW HITPOINT WARNING * * *
The naga hits you from afar with a +0 glaive!!
* * * LOW HITPOINT WARNING * * *
The naga spits poison at you.
The splash of poison hits you but does no damage.
You resist. The naga constricts you. The basilisk bites you!
* * * LOW HITPOINT WARNING * * *
The naga hits you from afar with a +0 glaive!!
* * * LOW HITPOINT WARNING * * *
The naga hits you with a +0 long sword!
You die...

........#.#.........##
....................#
...P........#P#.......
#..........###.......
#.........##.......
##....######.......
#P...### .......
#P.N.#.## .
##h#....#.## ...
##l.......#
.....###N.).......
........##........
.>...NN###.......P
....... #........
.....#. .....##.#
...N.#. ....## #. ...#
#. ...#


You could see a basilisk and 2 nagas.

Vanquished Creatures
  Erica (D:7)
  An ogre mage (D:10)
  A two-headed ogre (D:9)
  A tengu warrior (D:11)
  Lodul (D:10)
  A fire crab (Volcano)
  Pikel (D:4)
  A lindwurm (Volcano)
  An ugly thing (D:10)
  A torpor snail (Lair:1)
  Maurice (D:8)
  Psyche (D:11)
  3 komodo dragons
  4 trolls
  A hornet (D:8)
  3 blink frogs (Lair:2)
  2 wraiths (D:11)
  A shadow (D:10)
  2 wyverns
  21 yaks
  Sigmund (D:5)
  6 fire bats
  3 wargs
  3 steam dragons
  Menkaure (D:5)
  A naga (Lair:2)
  An acid dragon (D:10)
  A hell hound (Volcano)
  3 water moccasins
  4 ice beasts
  A black bear (D:5)
  14 orc warriors
  12 ogres
  2 lemures (D:4)
  A phantom (D:4)
  4 centaurs
  2 kobold brigands (D:8)
  5 bullfrogs
  A gnoll sergeant (D:5)
  A scorpion (D:2)
  15 wights
  9 killer bees
  6 howler monkeys
  A crimson imp (D:4)
  11 orc priests
  2 hounds
  A jelly (D:7)
  A sleepcap (D:8)
  2 iguanas (D:5)
  16 orc wizards
  Terence (D:2)
  Ijyb (D:5)
  6 adders
  2 shadow imps
  4 white imps
  2 worms (D:4)
  A dart slug (D:4)
  71 orcs
  A bat (D:1)
  4 endoplasms
  3 giant cockroaches
  5 hobgoblins
  5 jackals
  3 quokkas
  6 ball pythons
  3 frilled lizards
  13 goblins
  2 goblin skeletons (D:4)
  A hobgoblin zombie (D:4)
  12 kobolds
  3 kobold zombies (D:4)
  2 orc skeletons (D:4)
  2 orc zombies (D:4)
  4 rats
337 creatures vanquished.

Vanquished Creatures (collateral kills)
  An orc (D:3)
1 creature vanquished.

Grand Total: 338 creatures vanquished

Notes
Turn   | Place    | Note
-------+----------+-------------------------------------------
     0 | D:1      | Newt the Draconian Shapeshifter began the quest for the
                  | Orb.
     0 | D:1      | Reached XP level 1. HP: 16/16 MP: 1/1
   213 | D:1      | Reached XP level 2. HP: 23/25 MP: 2/2
   356 | D:1      | Found a faded altar of an unknown god.
   512 | D:2      | Noticed a scorpion
   548 | D:2      | Killed a scorpion
   549 | D:2      | Reached XP level 3. HP: 21/31 MP: 3/3
   549 | D:2      | Reached XP level 4. HP: 26/38 MP: 4/4
   733 | D:2      | Found an ancient bone altar of Kikubaaqudgha.
   949 | D:2      | Noticed Terence
   969 | D:2      | Killed Terence
  1601 | D:3      | Reached XP level 5. HP: 9/45 MP: 5/5
  1613 | D:3      | HP: 3/67 [something/magic dart (4)]
  1614 | D:3      | HP: 1/67 [something/magic dart (3)]
  1620 | D:3      | Reached skill level 4 in Shapeshifting
  2577 | D:3      | Found a faded altar of an unknown god.
  2748 | D:3      | Found a stormy altar of Qazlal.
  2994 | D:4      | Noticed a phantom
  3009 | D:4      | Killed a phantom
  3010 | D:4      | Reached skill level 5 in Shapeshifting
  3010 | D:4      | Reached XP level 6. HP: 40/51 MP: 6/6
  3426 | D:4      | Noticed Pikel
  3443 | D:4      | Killed Pikel
  3444 | D:4      | Reached skill level 6 in Shapeshifting
  3444 | D:4      | Reached skill level 5 in Dodging
  3444 | D:4      | Your scales start taking on a fiery red colour.
  3444 | D:4      | Reached XP level 7. HP: 28/57 MP: 7/7
  3444 | D:4      | Gained mutation: Your flesh is heat resistant. (rF+) [Red
                  | Draconian growth]
  3621 | D:4      | Found a glowing golden altar of the Shining One.
  4010 | D:4      | Found Qackoex's Jewellery Shoppe.
  4129 | D:5      | Entered Level 5 of the Dungeon
  4173 | D:5      | Reached XP level 8. HP: 57/63 MP: 8/8
  4175 | D:5      | Reached skill level 1 in Short Blades
  4304 | D:5      | Noticed Sigmund
  4374 | D:5      | Killed Sigmund
  4375 | D:5      | Reached skill level 5 in Fighting
  4588 | D:5      | Noticed Menkaure
  4593 | D:5      | Killed Menkaure
  4627 | D:5      | Noticed Ijyb
  4629 | D:5      | Paralysed by Ijyb for 3 turns
  4636 | D:5      | Paralysed by Ijyb for 5 turns
  4638 | D:5      | Killed Ijyb
  4976 | D:5      | Found an ornate altar of the Wu Jian Council.
  4977 | D:5      | Found a shimmering altar of Xom.
  4979 | D:5      | Found an opulent altar of Gozag.
  4979 | D:5      | Found a shadowy altar of Dithmenos.
  4981 | D:5      | Found a sparkling altar of Nemelex Xobeh.
  4981 | D:5      | Found a burning altar of Makhleb.
  5125 | D:6      | Reached XP level 9. HP: 75/75 MP: 9/9
  5169 | D:6      | Reached skill level 5 in Polearms
  5300 | D:6      | Found Hush's Magic Scroll Shop.
  5309 | D:6      | Bought a scroll of brand weapon for 142 gold pieces
  5309 | D:6      | Bought a scroll of identify for 30 gold pieces
  5309 | D:6      | Bought a scroll of identify for 30 gold pieces
  5309 | D:6      | Bought a scroll of identify for 30 gold pieces
  5464 | D:6      | Found Cosimun's Book Shop.
  5535 | D:6      | Found a white marble altar of Elyvilon.
  5948 | D:7      | Reached skill level 7 in Shapeshifting
  6015 | D:7      | Found a staircase to the Ecumenical Temple.
  6028 | Temple   | Entered the Ecumenical Temple
  6036 | Temple   | Became a worshipper of Warmaster Okawaru
  6442 | D:8      | Found a flagged portal.
  6457 | D:8      | Reached skill level 8 in Shapeshifting
  6472 | Bailey   | Entered a bailey
  6694 | Bailey   | Reached * piety under Okawaru
  6708 | Bailey   | Reached XP level 10. HP: 46/83 MP: 10/10
  6941 | Bailey   | Reached skill level 9 in Shapeshifting
  7063 | D:8      | Reached skill level 1 in Shields
  7249 | D:8      | Reached ** piety under Okawaru
  7258 | D:8      | Reached skill level 5 in Shields
  7778 | D:8      | Noticed Erica
  7811 | D:7      | Killed Erica
  7999 | D:8      | Noticed Maurice
  8014 | D:8      | Killed Maurice
  8014 | D:8      | Reached *** piety under Okawaru
  8451 | D:9      | Reached skill level 1 in Evocations
  8696 | D:9      | Noticed a two-headed ogre
  8701 | D:9      | Reached XP level 11. HP: 81/97 MP: 11/11
  8710 | D:9      | Killed a two-headed ogre
  8710 | D:9      | Reached **** piety under Okawaru
  8963 | D:9      | Found Inwyenli's Assorted Antiques.
  8971 | D:9      | Bought a scroll labelled NADECSADAT for 31 gold pieces
  8973 | D:9      | Gained mutation: You have hidden genetic potential. [potion
                  | of mutation]
  8973 | D:9      | Gained mutation: Your spells are a little easier to cast,
                  | but a little less powerful. [potion of mutation]
  9198 | D:10     | Entered Level 10 of the Dungeon
  9225 | D:10     | Reached skill level 5 in Evocations
  9405 | D:10     | Noticed Lodul
  9424 | D:10     | Reached skill level 1 in Invocations
  9427 | D:10     | Killed Lodul
  9904 | D:10     | Reached skill level 5 in Invocations
 10043 | D:4      | Bought the ring "Jimin" {Str+6 Int+5 Dex-4 Slay+5} for 793
                  | gold pieces
 10254 | D:10     | Noticed a brown ugly thing
 10257 | D:10     | Noticed an ogre mage
 10271 | D:10     | Killed a brown ugly thing
 10271 | D:10     | Reached ***** piety under Okawaru
 10276 | D:10     | Killed an ogre mage
 10495 | D:11     | Noticed Psyche
 10502 | D:11     | Paralysed by Psyche for 2 turns
 10506 | D:11     | Paralysed by Psyche for 5 turns
 10514 | D:11     | Killed Psyche
 10709 | D:11     | Noticed a tengu warrior
 10721 | D:11     | Killed a tengu warrior
 11553 | D:11     | Found Etui's Antique Armour Shoppe.
 11696 | D:11     | Found a staircase to the Orcish Mines.
 11923 | D:11     | Found a staircase to the Lair.
 12256 | Lair:1   | Entered Level 1 of the Lair of Beasts
 12257 | Lair:1   | Found a dark tunnel.
 12291 | Volcano  | Entered a volcano
 12324 | Volcano  | Reached XP level 12. HP: 104/104 MP: 18/18
 12382 | Volcano  | Received a gift from Okawaru
 12487 | Volcano  | Lost mutation: Your spells are a little easier to cast, but
                  | a little less powerful. [hidden potential]
 12499 | Volcano  | Identified the +0 ring mail of Honledib {rF+ Str+3}
 12664 | Lair:1   | Reached skill level 10 in Shapeshifting
 13657 | Lair:2   | Reached skill level 11 in Shapeshifting
 13872 | Lair:2   | Found a staircase to the Snake Pit.
 13889 | Lair:2   | HP: 3/104 [naga/+0 glaive (10)]
 13890 | Lair:2   | Slain by a naga

Illustrated notes

Levels and vault maps discovered:
D:1:      minmay_arrival_checkered_box, layout_basic, basic_ecumenical_altar
D:2:      layout_loops_ring, basic_altar, kennysheep_small_spiral, uniq_terence
D:3:      layout_basic, nicolae_overflow_ecumenical_swirl,
          nicolae_figureground_pulse
D:4:      layout_basic, nicolae_tso_besieged_by_evil, serial_shops,
          nicolae_shop_real_fake_doors, uniq_pikel
D:5:      layout_basic, grunt_temple_overflow_open, kennysheep_dice,
          uniq_sigmund, uniq_ijyb, uniq_menkaure
D:6:      layout_rooms, elyvilon_altar_4, serial_shops, nicolae_shop_waterfront,
          nicolae_lakefront_shop
D:7:      layout_loops_ring, temple_fountains
D:8:      layout_loops_cross, enter_bailey_1, uniq_maurice, uniq_erica
D:9:      layout_long_grid, serial_shops, shop
D:10:     layout_basic, minmay_three_doors, uniq_lodul
D:11:     layout_stronghold, erik_lair_orcish_takeover, serial_shops, shop,
          uniq_psyche
Temple:   cyrus_circular_temple
Lair:1:   layout_gridlike, nicolae_volcano_entry_hallway, lemuel_fruit_fields
Lair:2:   layout_cellular_growth, minmay_snake_entry_guardpost_small,
          st_stairs_12

Skill      XL: |  1  2  3  4  5  6  7  8  9 10 11 12 |
---------------+-------------------------------------+-----
Fighting       | 2 3 6 9 |  9.0
Dodging        | 3 5 6 |  6.0
Shapeshifting  | 5 6 8 9 11 | 11.1
Short Blades   | 3 |  3.0
Polearms       | 4 6 |  6.0
Shields        | 5 |  5.0
Evocations     | 3 6 |  6.0
Invocations    | 9 |  9.0
Unarmed Combat | |  3.0

Action                     |  1- 3 |  4- 6 |  7- 9 | 10-12 || total
---------------------------+-------+-------+-------+-------++-------
  Melee: Dagger            |    70 |   199 |    66 |       ||   335
         Unarmed           |     5 |       |       |     6 ||    11
         Tailslap          |     2 |    22 |    29 |    51 ||   104
         Punch             |       |     1 |     2 |       ||     3
         Spear             |       |       |   188 |   401 ||   589
 Invoke: Heroism           |       |       |       |     1 ||     1
Ability: Breathe Fire      |       |       |    14 |    13 ||    27
  Evoke: Wand              |       |       |       |     2 ||     2
    Use: Scroll            |     3 |    10 |     6 |    13 ||    32
         Potion            |     1 |     4 |       |     4 ||     9
   Stab: Sleeping          |       |     2 |     3 |     5 ||    10
         Paralysed         |       |       |       |     5 ||     5
 Armour: Skin              |    44 |    37 |    42 |    51 ||   174
  Dodge: Dodged            |    31 |   112 |    88 |   155 ||   386
  Block: Buckler           |       |       |    15 |    62 ||    77

Table legend: (Time is in decaauts)
 A = Elapsed time spent in this place.
 B = Non-inter-level travel time spent in this place.
 C = Inter-level travel time spent in this place.
 D = Time resting spent in this place.
 E = Time spent auto-exploring this place.
 F = Levels seen in this place.
 G = Mean time per level.
                   A        B        C        D        E       F      G
               +--------+--------+--------+--------+--------+-----+--------+
         Total |  13850 |  13114 |    736 |   2675 |   8206 |  16 |  865.6 |
       Dungeon |  11725 |  11031 |    694 |   2424 |   6756 |  11 | 1065.9 |
        Temple |     20 |      1 |     19 |      0 |      0 |   1 |   20.0 |
          Lair |   1299 |   1277 |     22 |      4 |   1076 |   2 |  649.5 |
        Bailey |    487 |    487 |      0 |    247 |    120 |   1 |  487.0 |
       Volcano |    316 |    316 |      0 |      0 |    254 |   1 |  316.0 |
               +--------+--------+--------+--------+--------+-----+--------+

Top non-repeatable levels by time:
    D:10: 1508 daAuts
     D:3: 1421 daAuts
    D:11: 1288 daAuts
     D:4: 1272 daAuts
     D:8: 1200 daAuts
     D:7: 1110 daAuts
     D:2: 1053 daAuts
     D:5: 960 daAuts
  Lair:1: 918 daAuts
     D:9: 910 daAuts
     D:1: 500 daAuts
     D:6: 498 daAuts
  Bailey: 487 daAuts
  Lair:2: 380 daAuts
 Volcano: 316 daAuts
